 Dungeon Sprint DCSS version 0.20-a0-1089-g3fde505 (webtiles) character file.

4470 potatolord5000 the Blocker (level 10, -1/106 HPs)
             Began as a Gargoyle Fighter on May 3, 2017.
             Was a High Priest of Okawaru.
             Slain by a vampire knight
             ... wielding a +4 great sword
              (7 damage)
             ... in the Dungeon (Sprint VII: "The Pits").
             The game lasted 00:11:35 (789 turns).

potatolord5000 the Blocker (Gargoyle Fighter)        Turns: 789, Time: 00:11:37

Health: -1/106     AC: 27    Str: 28    XL:     10   Next: 37%
Magic:  11/16      EV: 14    Int: 14    God:    Okawaru [*****.]
Gold:   0          SH: 16    Dex:  9    Spells: 9/9 levels left

rFire    + . .     SeeInvis .   g - +2 morningstar of the Messenger {crush, rF+ Int+5}
rCold    . . .     Gourm    .   c - +0 shield
rNeg     + . .     Faith    .   v - +4 chain mail
rPois    ∞         Spirit   .   s - +0 helmet
rElec    +         Reflect  .   (no cloak)
rCorr    .         Harm     .   (no gloves)
MR       .....     NoTele   +   t - +0 pair of boots
Stlth    ..........             (no amulet)
Regen    0.3/turn               a - +3 ring of evasion
MPRegen  0.2/turn               d - +3 ring of protection

@: berserking (expiring), heroism, corroded, very quick
A: negative energy resistance 1, electricity resistance, unbreathing,
petrification resistance, rot immunity, AC +7
a: Heroism, Finesse, Renounce Religion


You were in the Dungeon.
You worshipped Okawaru.
Okawaru was extremely pleased with you.
You were very full.

You visited 1 branch

Inventory:

Hand Weapons
 g - the +2 morningstar of the Messenger (weapon) {crush, rF+ Int+5}
   (You found it in the Dungeon)

   It inflicts extra damage upon your enemies.
   It affects your intelligence (+5).
   It protects you from fire.
Armour
 c - a +0 shield (worn)
 s - a +0 helmet (worn)
 t - a +0 pair of boots (worn)
 v - a +4 chain mail (worn)
Jewellery
 a - a +3 ring of evasion (left hand)
 d - a +3 ring of protection (right hand)
Scrolls
 k - a scroll of blinking
 m - 3 scrolls of remove curse
 n - 5 scrolls of amnesia
 o - a scroll of summoning
Potions
 e - 7 potions of curing
 i - 4 potions of magic
 j - a potion of agility
 l - 3 potions of haste
Comestibles
 f - 8 bread rations
 p - 40 fruits
 q - 5 meat rations


   Skills:
 + Level 12.1(17.1) Fighting
 + Level 11.1(16.1) Maces & Flails
 + Level 12.0(17.0) Armour
 * Level 13.9(18.9) Shields
 + Level 9.1 Invocations


You had 9 spell levels left.
You didn't know any spells.

Dungeon Overview and Level Annotations

Branches:
Dungeon (1/1)

Altars:
Ashenzari
Cheibriados
Dithmenos
Elyvilon
Fedhas
Gozag
Hepliaklqana
Kikubaaqudgha
Makhleb
Nemelex Xobeh
Okawaru
Qazlal
Ru
Sif Muna
Trog
Uskayaw
Vehumet
Wu Jian
Xom
Yredelemnul
Zin
The Shining One
Beogh
Jiyva
Lugonu


Innate Abilities, Weirdness & Mutations

You are resistant to torment.
Your stone body is resilient. (AC +7)
You are immune to poison.
You resist negative energy. (rN+)
You are resistant to electric shocks. (rElec)
You can survive without breathing.
You are immune to petrification.
You are immune to rotting.


Message History

The acid dragon claws you but does no damage.
Something hits you!
* * * LOW HITPOINT WARNING * * *
Something bites you but does no damage.
You are too berserk!
You puncture the acid dragon!
You kill the acid dragon!
Okawaru accepts your kill.
Your base Maces & Flails skill increases to level 11!
You block the giant cockroach's attack.
You pound the lindwurm like an anvil!!!
The lindwurm is almost dead.
You impale the lindwurm!!
You kill the lindwurm!
Okawaru is honoured by your kill.
Your base Fighting skill increases to level 12!
Your base Armour skill increases to level 12!
Your Invocations skill increases to level 9!
Something hits you!
You die...

##''###### ##''#####
######## ##......#
...... ##......#
..... ###....##
####.55## # ##†'##
###..+535'
###.†.†###....##'##
##......#.)..##s5{##
##......'....'..@..+
##......#....##...##
###.)(.###....##+##
# ##))## ###..+ #
#....# ####
##......# ##......#
#########


You could see a ynoxinul, 5 ufetubi and a giant cockroach.

Vanquished Creatures
  An unseen horror (D)
  A deep troll (D)
  A lindwurm (D)
  2 orange demons (D)
  An efreet (D)
  A kobold demonologist (D)
  A hellwing (D)
  A polar bear (D)
  Prince Ribbit (D)
  A snapping turtle (D)
  A hungry ghost (D)
  A warg (D)
  2 acid dragons (D)
  A floating eye (D)
  Purgy (D)
  A sky beast (D)
  A phantom (D)
  A centaur (D)
  4 big kobolds (D)
  A quasit (D)
  A hound (D)
  Crazy Yiuf (D)
  2 gnolls (D)
  An adder (D)
  A white imp (D)
  An ufetubus (D)
  An ooze (D)
  An orc (D)
  A giant cockroach (D)
  7 jackals (D)
  4 kobolds (D)
  2 quokkas (D)
  A rat (D)
49 creatures vanquished.

Notes
Turn   | Place    | Note
-------+----------+-------------------------------------------
     0 | D        | potatolord5000 the Gargoyle Fighter began the quest for the Orb.
     0 | D        | Reached XP level 1. HP: 14/14 MP: 1/1
    20 | D        | Reached skill level 4 in Shields
    20 | D        | Reached XP level 2. HP: 15/20 MP: 2/2
    51 | D        | Found a bloodstained altar of Trog.
    51 | D        | Found a deep blue altar of Sif Muna.
    51 | D        | Found a viscous altar of Jiyva.
    51 | D        | Found a hazy altar of Hepliaklqana.
    51 | D        | Found an opulent altar of Gozag.
    52 | D        | Found a glowing golden altar of the Shining One.
    52 | D        | Found a glowing silver altar of Zin.
    52 | D        | Found a basalt altar of Yredelemnul.
    52 | D        | Found a shimmering altar of Xom.
    52 | D        | Found an ornate altar of the Wu Jian Council.
    52 | D        | Found a sacrificial altar of Ru.
    52 | D        | Found a stormy altar of Qazlal.
    52 | D        | Found an iron altar of Okawaru.
    52 | D        | Found a sparkling altar of Nemelex Xobeh.
    52 | D        | Found a burning altar of Makhleb.
    52 | D        | Found a blossoming altar of Fedhas.
    52 | D        | Found a white marble altar of Elyvilon.
    52 | D        | Found a shadowy altar of Dithmenos.
    52 | D        | Found a snail-covered altar of Cheibriados.
    56 | D        | Found a roughly hewn altar of Beogh.
    56 | D        | Found a corrupted altar of Lugonu.
    56 | D        | Found a radiant altar of Vehumet.
    57 | D        | Found a shattered altar of Ashenzari.
    57 | D        | Found an ancient bone altar of Kikubaaqudgha.
    57 | D        | Found a hide-covered altar of Uskayaw.
    78 | D        | Became a worshipper of Warmaster Okawaru
   118 | D        | Reached XP level 3. HP: 22/24 MP: 3/3
   125 | D        | Noticed a centaur
   137 | D        | Killed a centaur
   137 | D        | Reached skill level 5 in Fighting
   137 | D        | Reached skill level 5 in Armour
   137 | D        | Reached skill level 5 in Shields
   137 | D        | Reached XP level 4. HP: 30/32 MP: 4/4
   222 | D        | Noticed a hungry ghost
   222 | D        | Noticed Crazy Yiuf
   224 | D        | Noticed a warg
   232 | D        | Killed a hungry ghost
   232 | D        | Reached * piety under Okawaru
   232 | D        | Reached skill level 7 in Shields
   232 | D        | Reached XP level 5. HP: 38/38 MP: 5/5
   232 | D        | Reached XP level 6. HP: 44/44 MP: 6/6
   236 | D        | Killed Crazy Yiuf
   246 | D        | Killed a warg
   246 | D        | Reached skill level 8 in Shields
   300 | D        | Reached ** piety under Okawaru
   300 | D        | Reached skill level 1 in Invocations
   300 | D        | Reached XP level 7. HP: 45/50 MP: 6/8
   303 | D        | Noticed an orange demon
   321 | D        | Killed an orange demon
   321 | D        | Reached skill level 9 in Shields
   323 | D        | Noticed Prince Ribbit
   362 | D        | Killed Prince Ribbit
   362 | D        | Reached XP level 8. HP: 39/57 MP: 9/11
   383 | D        | Reached *** piety under Okawaru
   383 | D        | Reached skill level 5 in Invocations
   483 | D        | Noticed a snapping turtle
   483 | D        | Noticed an efreet
   491 | D        | Reached skill level 10 in Fighting
   491 | D        | Reached skill level 10 in Armour
   491 | D        | Reached skill level 10 in Shields
   494 | D        | Killed an efreet
   500 | D        | Killed a snapping turtle
   500 | D        | Reached skill level 11 in Shields
   573 | D        | Got the +2 morningstar of the Messenger {crush, rF+ Int+5}
   647 | D        | Noticed a hellwing
   649 | D        | Reached **** piety under Okawaru
   649 | D        | Reached XP level 9. HP: 63/63 MP: 13/13
   656 | D        | Killed a hellwing
   684 | D        | Noticed a deep troll
   684 | D        | Noticed a kobold demonologist
   684 | D        | Noticed an orange demon
   689 | D        | Received a gift from Okawaru
   695 | D        | Noticed an orange demon
   695 | D        | Killed a deep troll
   695 | D        | Reached skill level 10 in Maces & Flails
   695 | D        | Reached skill level 12 in Shields
   699 | D        | Killed a kobold demonologist
   699 | D        | Received a gift from Okawaru
   714 | D        | Killed an orange demon
   728 | D        | Noticed a polar bear
   746 | D        | Killed a polar bear
   746 | D        | Reached ***** piety under Okawaru
   746 | D        | Reached skill level 13 in Shields
   746 | D        | Reached XP level 10. HP: 40/71 MP: 16/16
   766 | D        | Noticed a vampire knight
   767 | D        | Noticed Purgy
   774 | D        | Noticed a lindwurm
   779 | D        | Killed Purgy
   781 | D        | Killed an unseen horror
   786 | D        | HP: 5/106 [something (9)]
   789 | D        | Killed a lindwurm
   789 | D        | Slain by a vampire knight

Vault maps used:
D:        pitsprint

Skill      XL: |  1  2  3  4  5  6  7  8  9 10 |
---------------+-------------------------------+-----
Fighting       | 4 5 7 8 9 10 11 12 | 12.1
Armour         | 4 5 7 8 9 10 11 12 | 12.0
Shields        | 4 5 7 8 9 11 13 | 13.9
Maces & Flails | 3 4 6 7 8 9 10 11 | 11.1
Invocations    | 1 4 6 8 9 |  9.1

Action                   |  1- 3 |  4- 6 |  7- 9 | 10-12 || total
-------------------------+-------+-------+-------+-------++-------
Melee: Flail             |     8 |       |       |       ||     8
       Mace              |    24 |    41 |    74 |       ||   139
       Morningstar       |       |       |    56 |    27 ||    83
Invok: Heroism           |       |       |     5 |     1 ||     6
       Finesse           |       |       |       |     1 ||     1
  Use: Potion            |     3 |     2 |     8 |     4 ||    17
 Stab: Invisible         |       |       |     1 |       ||     1
  Eat: Meat ration       |       |       |     2 |       ||     2
Armor: Scale mail        |    17 |       |       |       ||    17
       Chain mail        |       |    15 |   161 |    40 ||   216
Dodge: Dodged            |    12 |     9 |   107 |    11 ||   139
Block: Shield            |    21 |    26 |   161 |    14 ||   222
